 Dungeon Crawl Stone Soup version 0.25-a0-528-g6b7c99946c (webtiles) character file.

Game seed: 16835756332812448676, levelgen mode: classic

16135 EnegeticOcto the Cleaver (level 12, -18/115 HPs)
             Began as a Deep Dwarf Fighter on Feb 19, 2020.
             Was an Elder of Makhleb.
             Demolished by Flugslaktarn's ghost (24 damage)
             ... while paralysed
             ... on level 12 of the Dungeon.
             The game lasted 00:07:15 (7541 turns).

EnegeticOcto the Cleaver (Deep Dwarf Fighter)       Turns: 7541, Time: 00:07:15

Health: -18/115    AC: 15    Str: 30    XL:     12   Next: 7%
Magic:  9/9        EV:  2    Int:  9    God:    Makhleb [****..]
Gold:   910        SH:  0    Dex: 10    Spells: 11/11 levels left

rFire    x . .     SeeInvis .   b - +2 war axe (flame)
rCold    + . .     Gourm    .   c - +1 kite shield
rNeg     . . .     Faith    .   H - +2 plate armour of the Nightingale {Str+5}
rPois    +         Spirit   .   (no helmet)
rElec    .         Reflect  .   D - +0 cloak
rCorr    .         Harm     .   (no gloves)
MR       +....                  (no boots)
Stlth    ..........             (no amulet)
HPRegen  0.00/turn              B - ring of ice
MPRegen  0.11/turn              K - ring of poison resistance

@: paralysed, berserk cooldown, non-regenerating, slowed, extremely drained
A: damage resistance, heal wounds, icy blue scales 1, clumsy 1, sense
surroundings 2, no regeneration
a: Heal Wounds, Minor Destruction, Lesser Servant of Makhleb, Major Destruction,
Renounce Religion


You were on level 12 of the Dungeon.
You worshipped Makhleb.
Makhleb was greatly pleased with you.
You were hungry.

You visited 2 branches of the dungeon, and saw 13 of its levels.
You also visited: Sewer, Ossuary and Bailey.

You collected 1240 gold pieces.
You spent 330 gold pieces at shops.

Inventory:

Hand Weapons
 a - a +1 broad axe
 b - a +2 war axe of flaming (weapon)
Missiles
 p - 2 throwing nets (quivered)
Armour
 c - a +1 kite shield (worn)
 D - a +0 cloak (worn)
 H - the +2 plate armour of the Nightingale (worn) {Str+5}
   (You found it on level 10 of the Dungeon)

   It affects your strength (+5).
   If you remove this armour, your AC will decrease by 12 (15 -> 3).
Jewellery
 B - a ring of ice (left hand)
 C - an uncursed amulet of the acrobat {unknown}
 K - a ring of poison resistance (right hand)
Wands
 A - a wand of flame (12)
 E - a wand of paralysis (7)
 F - a wand of acid (13) {@v1}
Scrolls
 h - a scroll of blinking {@r3}
 j - 7 scrolls of remove curse {@r6}
 n - a scroll of amnesia
 q - 2 scrolls of enchant armour
 t - 6 scrolls of teleportation {@r2}
 w - a scroll of magic mapping {@r5}
 y - 3 scrolls of immolation {@r4}
 I - a scroll of identify {@r1}
Potions
 d - 3 potions of flight
 f - a potion of berserk rage
 g - 3 potions of haste {@q4}
 i - 3 potions of stabbing {unknown}
 k - a potion of might {@q3}
 l - 3 potions of degeneration {unknown}
 m - 2 potions of resistance {@q6}
 o - a potion of mutation
 r - a potion of magic {unknown}
 s - 8 potions of curing {@q1}
 u - 3 potions of lignification {@q7}
 v - 2 potions of invisibility
 z - 5 potions of cancellation
 G - 5 potions of heal wounds {@q2}
Comestibles
 e - 25 rations


   Skills:
 * Level 9.5(0.2) Fighting
 * Level 10.9(1.3) Axes
 + Level 8.3(0.0) Armour
 + Level 7.6(0.0) Dodging
 + Level 8.3(0.0) Shields
 * Level 9.8(0.4) Invocations


You had 11 spell levels left.
You didn't know any spells.
Your spell library was empty.

Dungeon Overview and Level Annotations

Branches:
Dungeon (12/15)            Temple (1/1) D:6            Lair (0/6) D:10
    Orc (0/2) D:11          Sewer (visited)         Ossuary (visited)
 Bailey (visited)

Altars:
Ashenzari
Cheibriados
Dithmenos
Elyvilon
Fedhas
Gozag
Hepliaklqana
Kikubaaqudgha
Makhleb
Nemelex Xobeh
Okawaru
Qazlal
Ru
Sif Muna
Trog
Uskayaw
Vehumet
Wu Jian
Xom
Yredelemnul
Zin
The Shining One
Beogh

Shops:
D:6 !   D:9 (

Annotations:
D:7 2 transporters
D:12 Flugslaktarn's ghost, journeyman DDFi


Innate Abilities, Weirdness & Mutations

You are resistant to damage.
You can heal yourself by infusing magical energy.
You passively map the area around you.
You do not regenerate.
You are partially covered in icy blue scales. (AC +2)
You are clumsy. (Dex -2)


Message History

The orc warrior hits you from afar with a +0 glaive!
You block the orc warrior's attack.
A demon appears!
You hear the crackling of a distant melting archway.
You block the warg's attack. Flugslaktarn's ghost hits you.
You feel drained.
The orc warrior hits you from afar with a +0 glaive!
The orc warrior hits you but does no damage.
You block the warg's attack.
Your magical essence is drained by the effort!
You feel much better.
The orc priest mumbles some strange prayers to Beogh against you.
Beogh smites you!
You block Flugslaktarn's ghost's attack.
You block the warg's attack. The orc warrior barely misses you.
You fail to use your ability.
You block the orc warrior's attack. The warg bites you but does no damage.
Flugslaktarn's ghost hits you!!
You feel drained.
Your orange demon stings Flugslaktarn's ghost from afar.
You feel much better. The warg bites you. You block the orc warrior's attack.
The orc warrior barely misses you. Flugslaktarn's ghost hits you!!
You feel drained.
The orc curses loudly, in orcish tradition.
Your orange demon stings Flugslaktarn's ghost from afar.
All of the chunks of flesh in your inventory have rotted away.
A red film seems to cover your vision as you go berserk!
You feel yourself moving faster!
You feel mighty! You block the warg's attack.
You block Flugslaktarn's ghost's attack.
The orc warrior hits you from afar with a +0 halberd.
The orc warrior hits you from afar with a +0 glaive.
You block the warg's attack.
Your orange demon stings Flugslaktarn's ghost but does no damage.
Your shield and plate armour of the Nightingale prevent you from hitting Flugslaktarn's ghost.
Flugslaktarn's ghost is lightly damaged.
You hit the warg. You burn the warg. Flugslaktarn's ghost hits you.
You feel drained. The warg barely misses you.
You block the orc warrior's attack.
Your orange demon stings Flugslaktarn's ghost from afar.
The orc warrior hits you from afar with a +0 glaive!
You slash Flugslaktarn's ghost!
Flugslaktarn's ghost is lightly damaged.
You barely miss the warg. The warg completely misses you.
Flugslaktarn's ghost barely misses you. The orc warrior barely misses you.
Your orange demon stings Flugslaktarn's ghost but does no damage.
You hit Flugslaktarn's ghost but do no damage.
Flugslaktarn's ghost is lightly damaged.
You barely miss the warg. The warg bites you but does no damage.
You block the orc warrior's attack. Flugslaktarn's ghost hits you.
You feel drained. The warg bites you but does no damage.
The orc warrior hits you from afar with a +0 halberd.
Your orange demon stings Flugslaktarn's ghost from afar.
Your shield and plate armour of the Nightingale prevent you from hitting Flugslaktarn's ghost.
Flugslaktarn's ghost is lightly damaged.
You hit the warg. You burn the warg.
You kill the warg!
Makhleb accepts your kill.
You feel better.
Flugslaktarn's ghost closely misses you.
You block the orc warrior's attack.
Your orange demon stings Flugslaktarn's ghost but does no damage.
Your shield and plate armour of the Nightingale prevent you from hitting Flugslaktarn's ghost.
Flugslaktarn's ghost is lightly damaged.
You block the orc warrior's attack. Flugslaktarn's ghost hits you!!
You feel drained. The orc warrior barely misses you.
You barely miss Flugslaktarn's ghost.
Flugslaktarn's ghost is lightly damaged.
Your orange demon stings Flugslaktarn's ghost but does no damage.
Flugslaktarn's ghost hits you!!
* * * LOW HITPOINT WARNING * * *
You feel drained.
* * * LOW HITPOINT WARNING * * *
The orc warrior hits you from afar with a +0 halberd!
* * * LOW HITPOINT WARNING * * *
Your plate armour of the Nightingale prevents you from hitting Flugslaktarn's ghost.
Flugslaktarn's ghost is lightly damaged.
Your orange demon stings Flugslaktarn's ghost but does no damage.
The orc warrior hits you from afar with a +0 glaive!
* * * LOW HITPOINT WARNING * * *
Flugslaktarn's ghost hits you.
* * * LOW HITPOINT WARNING * * *
You feel drained. You block the orc warrior's attack.
You hit Flugslaktarn's ghost but do no damage.
Flugslaktarn's ghost is lightly damaged.
Your orange demon stings Flugslaktarn's ghost from afar!
Flugslaktarn's ghost hits you.
* * * LOW HITPOINT WARNING * * *
You feel drained.
The orc warrior hits you from afar with a +0 glaive!
* * * LOW HITPOINT WARNING * * *
You are too berserk!
You are too berserk!
You are too berserk!
You are too berserk!
You are no longer berserk.
You pass out from exhaustion.
You feel yourself slow down.
The orc warrior hits you but does no damage.
Your orange demon stings Flugslaktarn's ghost but does no damage.
You are feeling hungry.
Flugslaktarn's ghost hits you!!
You die...

, #....#'8.....o.).....8 ,
#................#.... , ,
,, +....#####.......# . ,
, #....#...#.......# , ,
#....'...#.......#, *, ,
######....#...#oo.....# ,
,
,..........#####oo.....#,,
............4.Woo.....# *,
#....(....†...@o......# ,
#......)..######......#
#.........# #......# ,
########..# #......+, , *
,,,,,#..# #......# , , , ,
#..# #....<.., , ,, **
###..######...### * ,
,#.............#, , ,,
#.............# ,,* , ,


You could see 3 orc warriors, an orc priest, Flugslaktarn's ghost, 3 orcs and a
friendly orange demon.

Vanquished Creatures
  Harold (D:8)
  3 centaur warriors
  A two-headed ogre (D:10)
  A tengu warrior (D:10)
  Sonja (D:11)
  An unseen horror (D:11)
  A cyclops (D:10)
  2 ugly things
  A deep elf mage (D:12)
  3 centaur zombies
  A queen bee (D:10)
  A hornet (D:8)
  A hippogriff (D:10)
  A yak (D:10)
  A shadow (D:12)
  Sigmund (D:5)
  A hungry ghost (D:10)
  A warg (D:12)
  An acid dragon (D:10)
  2 porcupines (D:10)
  3 water moccasins
  Duvessa (D:5)
  Purgy (Sewer)
  A sky beast (D:6)
  5 necrophages
  A black bear (D:10)
  8 orc warriors
  5 ogres
  A phantom (D:5)
  11 centaurs
  2 crocodiles (D:10)
  4 big kobolds
  8 bullfrogs
  Dowan (D:5)
  2 scorpions
  A wyvern skeleton (D:8)
  26 killer bees
  A wight (D:11)
  A howler monkey (D:8)
  2 crimson imps
  A bullfrog zombie (D:7)
  7 jellies
  A gnoll shaman (D:5)
  4 hounds
  3 orc priests
  8 orc wizards
  A bullfrog skeleton (D:5)
  A centaur skeleton (D:4)
  An iguana (D:9)
  12 worker ants
  A killer bee zombie (D:7)
  2 big kobold zombies (Ossuary)
  8 mummies (Ossuary)
  13 gnolls
  2 worker ant zombies
  11 adders
  2 shadow imps
  2 oozes
  2 adder skeletons
  2 worms
  A dart slug (D:4)
  30 orcs
  A ball python (D:4)
  5 giant cockroaches
  2 gnoll zombies (Ossuary)
  7 hobgoblins
  3 jackals (D:3)
  17 kobolds
  3 quokkas
  5 bats
  4 frilled lizards
  7 goblins
  A hobgoblin zombie (Ossuary)
  A kobold zombie (Ossuary)
  2 orc zombies (Ossuary)
  A quokka skeleton (D:9)
  A quokka zombie (D:5)
  4 rats
  A rat zombie (D:5)
  4 fungi (D:10)
  5 plants (D:10)
300 creatures vanquished.

Vanquished Creatures (others)
  5 fungi (D:10)
  A plant (D:10)
6 creatures vanquished.

Grand Total: 306 creatures vanquished

Notes
Turn   | Place    | Note
-------+----------+-------------------------------------------
     0 | D:1      | EnegeticOcto the Deep Dwarf Fighter began the quest for the
                  | Orb.
     0 | D:1      | Reached XP level 1. HP: 20/20 MP: 1/1
   142 | D:1      | Reached XP level 2. HP: 20/27 MP: 2/2
   228 | D:2      | Reached skill level 1 in Dodging
   363 | D:2      | Reached XP level 3. HP: 22/34 MP: 3/3
   365 | D:2      | Found a shadowy altar of Dithmenos.
   367 | D:2      | Found a shimmering altar of Xom.
   398 | D:2      | Found a stormy altar of Qazlal.
   399 | D:2      | Found an ancient bone altar of Kikubaaqudgha.
   510 | D:3      | Found a glowing drain.
   554 | D:3      | Reached skill level 3 in Axes
   563 | Sewer    | Entered a sewer
   567 | Sewer    | Noticed Purgy
   585 | Sewer    | Killed Purgy
   585 | Sewer    | Reached XP level 4. HP: 36/43 MP: 4/4
   585 | Sewer    | Reached XP level 5. HP: 41/49 MP: 5/5
   928 | D:3      | Found a faded altar of an unknown god.
  1093 | D:4      | Noticed an ogre
  1102 | D:4      | Reached skill level 4 in Axes
  1111 | D:4      | Killed an ogre
  1111 | D:4      | Reached XP level 6. HP: 55/57 MP: 5/5
  1296 | D:4      | Reached XP level 7. HP: 46/66 MP: 6/6
  1631 | D:4      | Found a sparkling altar of Nemelex Xobeh.
  1860 | D:5      | Entered Level 5 of the Dungeon
  1960 | D:5      | Noticed Dowan
  1961 | D:5      | Noticed Duvessa
  1976 | D:5      | Killed Duvessa
  1976 | D:5      | Reached skill level 5 in Axes
  1995 | D:5      | Killed Dowan
  2033 | D:5      | Found a sand-covered staircase.
  2042 | Ossuary  | Entered an ossuary
  2067 | Ossuary  | Reached skill level 5 in Fighting
  2082 | Ossuary  | Reached skill level 5 in Shields
  2247 | D:5      | Noticed Sigmund
  2257 | D:5      | Killed Sigmund
  2257 | D:5      | Reached skill level 5 in Armour
  2257 | D:5      | Reached XP level 8. HP: 66/74 MP: 6/6
  2269 | D:5      | Reached skill level 6 in Axes
  2943 | D:6      | Reached skill level 7 in Axes
  3093 | D:6      | Gained mutation: You passively map the area around you.
                  | [Deep Dwarf growth]
  3093 | D:6      | Reached XP level 9. HP: 61/84 MP: 7/7
  3095 | D:6      | Found a staircase to the Ecumenical Temple.
  3114 | Temple   | Entered the Ecumenical Temple
  3259 | Temple   | Became a worshipper of Makhleb the Destroyer
  3289 | D:6      | Gained mutation: Scrolls take you a little longer to read.
                  | [potion of mutation]
  3289 | D:6      | Gained mutation: You are frail. (-10% HP) [potion of
                  | mutation]
  3289 | D:6      | Gained mutation: You evolve. [potion of mutation]
  3289 | D:6      | Gained mutation: Your muscles are strong. (Str +2) [potion
                  | of mutation]
  3290 | D:6      | Lost mutation: You are frail. (-10% HP) [potion of
                  | mutation]
  3290 | D:6      | Lost mutation: Your muscles are strong. (Str +2) [potion of
                  | mutation]
  3290 | D:6      | Gained mutation: Your spells are a little harder to cast,
                  | but a little more powerful. [potion of mutation]
  3290 | D:6      | Gained mutation: You have large cloven feet. [potion of
                  | mutation]
  3291 | D:6      | Lost mutation: Scrolls take you a little longer to read.
                  | [potion of mutation]
  3291 | D:6      | Lost mutation: Your spells are a little harder to cast, but
                  | a little more powerful. [potion of mutation]
  3291 | D:6      | Lost mutation: You evolve. [potion of mutation]
  3291 | D:6      | Lost mutation: You have large cloven feet. [potion of
                  | mutation]
  3291 | D:6      | Gained mutation: You are clumsy. (Dex -2) [potion of
                  | mutation]
  3291 | D:6      | Gained mutation: You are partially covered in icy blue
                  | scales. (AC +2) [potion of mutation]
  3293 | D:6      | Found a basalt altar of Yredelemnul.
  3404 | D:6      | Found Cioh's Distillery.
  3412 | D:6      | Bought a potion of heal wounds for 50 gold pieces
  3412 | D:6      | Bought a potion of haste for 100 gold pieces
  3412 | D:6      | Bought a potion of mutation for 80 gold pieces
  3412 | D:6      | Bought a potion of haste for 100 gold pieces
  3719 | D:7      | Found a transporter.
  3739 | D:7      | Reached skill level 1 in Invocations
  3804 | D:7      | Found a transporter.
  4265 | D:7      | Reached skill level 5 in Dodging
  4464 | D:8      | Noticed Harold
  4482 | D:8      | Killed Harold
  4482 | D:8      | Reached * piety under Makhleb
  4482 | D:8      | Reached skill level 8 in Axes
  4601 | D:8      | Reached XP level 10. HP: 69/94 MP: 10/10
  4662 | D:8      | Found a shattered altar of Ashenzari.
  4705 | D:8      | Found a glowing silver altar of Zin.
  4775 | D:8      | Found a hazy altar of Hepliaklqana.
  4904 | D:9      | Reached skill level 5 in Invocations
  4952 | D:9      | Found a flagged portal.
  4969 | Bailey   | Entered a bailey
  5029 | Bailey   | Found a bloodstained altar of Trog.
  5233 | D:9      | Found Zogearise's Weapon Emporium.
  5787 | D:10     | Entered Level 10 of the Dungeon
  5798 | D:10     | Reached ** piety under Makhleb
  5798 | D:10     | Reached skill level 9 in Axes
  5827 | D:10     | Found a staircase to the Lair.
  5923 | D:10     | Noticed a centaur warrior
  5938 | D:10     | Noticed a cyclops
  5949 | D:10     | Killed a centaur warrior
  5956 | D:10     | Noticed a cyan ugly thing
  5962 | D:10     | Killed a cyclops
  6026 | D:10     | Killed a cyan ugly thing
  6026 | D:10     | Reached XP level 11. HP: 96/104 MP: 13/13
  6037 | D:10     | Noticed a two-headed ogre
  6041 | D:10     | Noticed a centaur warrior
  6056 | D:10     | Killed a two-headed ogre
  6068 | D:10     | Killed a centaur warrior
  6069 | D:10     | Reached skill level 10 in Axes
  6069 | D:10     | Noticed a tengu warrior
  6104 | D:10     | Killed a tengu warrior
  6109 | D:10     | Got a bronze plate armour
  6120 | D:10     | Identified the +2 plate armour of the Nightingale {Str+5}
                  | (You found it on level 10 of the Dungeon)
  6207 | D:10     | Reached *** piety under Makhleb
  6748 | D:11     | Killed an unseen horror
  6950 | D:11     | Noticed a centaur warrior
  6957 | D:11     | Killed a centaur warrior
  6986 | D:11     | Found a sparkling altar of Nemelex Xobeh.
  6987 | D:11     | Found a staircase to the Orcish Mines.
  7004 | D:11     | Noticed Sonja
  7011 | D:11     | Killed Sonja
  7420 | D:12     | Noticed a white ugly thing
  7421 | D:12     | Reached **** piety under Makhleb
  7434 | D:12     | Killed a white ugly thing
  7434 | D:12     | Reached XP level 12. HP: 115/115 MP: 14/14
  7476 | D:12     | Found a runed translucent gate.
  7476 | D:12     | Noticed Flugslaktarn's ghost (journeyman DDFi)
  7481 | D:12     | Found a runed translucent gate.
  7482 | D:12     | Found a runed translucent gate.
  7484 | D:12     | Identified the +10 plate armour of Mulositz {rF+ rC+ Dex-4
                  | Stlth+}
  7485 | D:12     | Identified the cursed +0 great sword of True Grit {drain,
                  | rC++ Dex+4}
  7487 | D:12     | Found a roughly hewn altar of Beogh.
  7541 | D:12     | Demolished by Flugslaktarn's ghost

Levels and vault maps discovered:
D:1:      dpeg_arrival_orchard, layout_loops_ring
D:2:      layout_basic, nicolae_overflow_hidden_temple, tgw_trog
D:3:      layout_basic, chequers_ecumenical_altar_simple_redux,
          gup_sewer_entry_glass, goddamned_bats
D:4:      layout_cave_pods, first_ration, nemelex_spade_bored_becter
D:5:      layout_loops_corners, enter_ossuary_4, uniq_duvessa, uniq_sigmund
D:6:      layout_loops_ring, minmay_temple_entry_drinking_statues, basic_altar,
          serial_shops, nicolae_shop_waterfront, palyth_stone_intersect
D:7:      gammafunk_steamed_eel, layout_basic
D:8:      layout_rooms, kennysheep_little_box, overflow_temple_1_default,
          old_standard_altar, uniq_harold
D:9:      layout_basic, enter_bailey_3, serial_shops, shop
D:10:     minmay_the_grid_four_pointed_star_mashed
          [minmay_the_grid_triangle_9x9_warning,
          minmay_the_grid_triangle_9x9_flanged_cone,
          minmay_the_grid_triangle_9x9_zippers_vertical,
          minmay_the_grid_triangle_9x9_skeleton,
          minmay_the_grid_prize_big_room], layout_rooms,
          due_lair_maze_entry_diamond, serial_corexii_hall,
          chequers_hall_statues_wall_a, corexii_hall_statues_s,
          corexii_hall_statues_u, corexii_hall_statues_i, david_nohive_1
D:11:     layout_stronghold, orc_0_dummy, serial_undead, serial_undead_d,
          serial_undead_a, serial_undead_d, serial_undead_b, serial_undead_c,
          serial_undead_b, nemelex_xobeh_ov_fountains_minmay, uniq_sonja
D:12:     layout_irregular_city, portal_ice_cave_entry_animals_and_master,
          biasface_ghost_orc_armoury
Temple:   regret_index_temple_generic_petals

Skill      XL: |  1  2  3  4  5  6  7  8  9 10 11 |
---------------+----------------------------------+-----
Fighting       | 3 4 5 6 7 8 9 |  9.5
Dodging        | 1 2 3 4 5 6 7 |  7.6
Axes           | 3 4 5 7 8 9 10 | 10.9
Armour         | 4 5 6 7 8 |  8.3
Shields        | 4 5 6 7 8 |  8.3
Invocations    | 4 7 9 |  9.8

Action                   |  1- 3 |  4- 6 |  7- 9 | 10-12 || total
-------------------------+-------+-------+-------+-------++-------
Melee: War axe           |    95 |   160 |   326 |   473 ||  1054
Invok: Lesser Servant of |       |       |       |     1 ||     1
 Abil: Heal Wounds       |     1 |     6 |    14 |    21 ||    42
Evoke: Wand              |       |       |       |     7 ||     7
  Use: Scroll            |       |     7 |     8 |     7 ||    22
       Potion            |       |       |     3 |     2 ||     5
 Stab: Paralysed         |       |       |       |     3 ||     3
  Eat: Chunk             |       |     2 |     8 |    10 ||    20
       Ration            |       |       |     1 |       ||     1
Armor: Scale mail        |    21 |       |       |       ||    21
       Plate armour      |    57 |   197 |   176 |   316 ||   746
Dodge: Dodged            |    24 |    60 |    66 |   198 ||   348
Block: Kite shield       |    71 |   169 |   209 |   416 ||   865

Table legend:
 A = Non-vault XP
 B = Vault XP
 C = Vault XP percentage of total XP
 D = Non-vault monster count
 E = Vault monster count
 F = Vault count percentage of total count
                 A         B        C        D         E       F
            +---------+---------+-------+---------+---------+-------
      Total |   10598 |   12452 |  54.0 |     194 |      97 |  33.3
            +---------+---------+-------+---------+---------+-------
        D:1 |      13 |       0 |   0.0 |       8 |       0 |   0.0
        D:2 |      34 |       0 |   0.0 |      11 |       0 |   0.0
        D:3 |      29 |      43 |  59.7 |      11 |       5 |  31.2
        D:4 |     514 |       0 |   0.0 |      31 |       0 |   0.0
        D:5 |     805 |     423 |  34.4 |      24 |       5 |  17.2
        D:6 |     801 |       0 |   0.0 |      17 |       0 |   0.0
        D:7 |     639 |       0 |   0.0 |      13 |       0 |   0.0
        D:8 |     999 |    1007 |  50.2 |      13 |       1 |   7.1
        D:9 |    1004 |       6 |   0.6 |      19 |       4 |  17.4
       D:10 |     726 |    8614 |  92.2 |      16 |      43 |  72.9
       D:11 |    2755 |    1155 |  29.5 |      12 |       6 |  33.3
       D:12 |    2279 |     438 |  16.1 |      19 |       5 |  20.8
      Sewer |       0 |     141 | 100.0 |       0 |       6 | 100.0
    Ossuary |       0 |     205 | 100.0 |       0 |      16 | 100.0
     Bailey |       0 |     420 | 100.0 |       0 |       6 | 100.0
            +---------+---------+-------+---------+---------+-------
